Cogmind - Beta 11 @@@ ROGUE MODE // 2022.04.12 @ 21:38:16 Player: Red Box Result: Self-destructed Performance ------------- Evolutions (2) 1000 Regions Visited (5) 1000 Robots Destroyed (85) 425 Value Destroyed (1933) 1933 Prototype IDs (5) 100 Alien Tech Used (0) 0 Bonus (177) 177 TOTAL SCORE: 4635 Bonus ------- High Alert Combat Kills 177 Cogmind --------- Core Integrity 510/550 Matter 300/300 Energy 280/280 System Corruption 0% Temperature Cool (0) Movement Rolling (145) Ox3 Location -8/Materials Parts ------- > --- POWER (1) -------- Heavy Ion Engine > --- PROPULSION (2) --- Compact Wheel Compact Wheel > --- UTILITY (5) ------ Improved Heat Sink Huge Storage Unit Improved Targeting Computer Hardened Light Armor Plating System Shield > --- WEAPON (3) ------- Improved Medium Laser Improved Medium Laser Improved Medium Laser > --- INVENTORY (25) --- Heavy Ion Engine Cooled Ion Engine Cooled Ion Engine Cooled Ion Engine Improved Treads Compact Wheel Armored Wheel Armored Wheel Improved Heat Sink Huge Storage Unit Large Battery (200) Large Matter Pod (150) Improved Terrain Scanner Hardened Light Armor Plating Shield Generator Beamcaster Improved Assault Rifle Improved Assault Rifle Improved Assault Rifle Minigun Minigun EMP Blaster Rocket Launcher Maul Peak State ------------ > --- POWER ------------ Heavy Ion Engine > --- PROPULSION ------- Compact Wheel Compact Wheel > --- UTILITY ---------- Improved Heat Sink Huge Storage Unit Improved Targeting Computer Hardened Light Armor Plating System Shield > --- WEAPON ----------- Improved Medium Laser Improved Medium Laser Improved Medium Laser > --- INVENTORY -------- Heavy Ion Engine Cooled Ion Engine Cooled Ion Engine Cooled Ion Engine Improved Treads Compact Wheel Armored Wheel Armored Wheel Improved Heat Sink Large Storage Unit Large Battery Large Matter Pod Improved Terrain Scanner Hardened Light Armor Plating Shield Generator Beamcaster Improved Assault Rifle Improved Assault Rifle Improved Assault Rifle EMP Blaster Rocket Launcher Maul [Rating: 30] Favorites ----------- Power Heavy Ion Engine Engine Heavy Ion Engine Propulsion Compact Wheel Treads Light Treads Leg Aluminum Leg Wheel Compact Wheel Utility Huge Storage Unit Device Shield Generator Storage Huge Storage Unit Processor Targeting Computer Hackware System Shield Protection Hardened Light Armor Plating Weapon Improved Assault Rifle Energy Gun Improved Medium Laser Ballistic Gun Improved Assault Rifle Launcher Rocket Launcher Impact Weapon Maul Build | -11 -10 -10 -9 -9 -8 ------- Run | Scr Mat Min Mat Min Mat Slots Evolved 4 | . . . 2 . 2 Power . | . . . . . . Propulsion . | . . . . . . Utility 3 | . . . 1 . 2 Weapon 1 | . . . 1 . . Parts Attached 56 | 7 11 . 26 9 3 Power 4 | 1 1 . 2 . . Engine 4 | 1 1 . 2 . . Core . | . . . . . . Reactor . | . . . . . . Propulsion 14 | 2 5 . 6 1 . Treads 2 | . 1 . 1 . . Leg 2 | 2 . . . . . Wheel 10 | . 4 . 5 1 . Hover . | . . . . . . Flight . | . . . . . . Utility 17 | 2 3 . 7 2 3 Device 9 | 1 . . 6 2 . Storage 4 | 1 2 . 1 . . Processor 2 | . 1 . . . 1 Hackware 1 | . . . . . 1 Protection 1 | . . . . . 1 Artifact . | . . . . . . Weapon 21 | 2 2 . 11 6 . Energy Gun 7 | . . . 4 3 . Energy Cannon . | . . . . . . Ballistic Gun 9 | 2 2 . 5 . . Ballistic Cannon . | . . . . . . Launcher 2 | . . . 1 1 . Special Weapon . | . . . . . . Impact Weapon 3 | . . . 1 2 . Slashing Weapon . | . . . . . . Piercing Weapon . | . . . . . . Special Melee Weapon . | . . . . . . Unidentified Prototypes . | . . . . . . Parts Lost 7 | . 2 . 4 1 . Power . | . . . . . . Propulsion 6 | . 2 . 3 1 . Utility 1 | . . . 1 . . Weapon . | . . . . . . Highest Loss Streak 2 | . 1 . 2 1 . To Critical Strikes . | . . . . . . Average Slot Usage (%) 99 | . 98 100 99 99 100 Engine 11 | . 14 14 11 11 9 Treads 2 | . 5 14 1 . . Leg 1 | . 4 . . . . Wheel 19 | . 16 14 20 21 18 Device 13 | . 11 . 12 22 9 Storage 11 | . 14 14 11 11 9 Processor 6 | . 2 14 9 . 9 Energy Gun 10 | . . . 8 31 27 Ballistic Gun 19 | . 28 28 22 . . Naked Turns . | . . . . . . Heaviest Build 105 | 13 34 34 101 100 105 Greatest Support 32 | 20 20 10 32 32 32 Greatest Overweight (x) 6 | . 3 3 6 6 3 Average Overweight (x) 2 | . 1 3 3 3 3 Largest Inventory Capacity 25 | 8 15 15 25 25 25 Average Capacity 20 | 7 12 15 24 25 25 Most Carried 25 | 8 15 15 25 25 25 Average Carried 19 | 5 11 15 23 24 22 Final Capacity 25 | 8 15 15 25 25 25 Final Carried 24 | 8 15 15 24 24 24 Class Distribution -------------------- 40% | Gunner 32% | Mutant 21% | Tank 5% | Scavenger-Mutant Dominant Class ---------------- Mutant | -10/Materials Mutant | -10/Mines Gunner | -9/Materials Tank | -9/Mines Gunner | -8/Materials Resources | -11 -10 -10 -9 -9 -8 ----------- Run | Scr Mat Min Mat Min Mat Matter Collected 1795 | 306 416 . 942 81 50 Remotely 315 | . . . 315 . . Salvage Created 2863 | 133 508 . 1427 531 264 Parts 180 | 8 30 . 95 32 15 Haulers Intercepted 7 | . 2 . 4 . 1 Recyclers Shooed . | . . . . . . Parts Field Recycled . | . . . . . . Retrieved Matter . | . . . . . . Parts Self-Destructed . | . . . . . . Prevented . | . . . . . . Kills | -11 -10 -10 -9 -9 -8 ------- Run | Scr Mat Min Mat Min Mat Combat Hostiles Destroyed 62 | . 9 . 33 16 4 Melee 6 | . . . . 6 . Guns 50 | . 9 . 29 8 4 AOE 6 | . . . 4 2 . Classes Destroyed 10 | 2 5 . 1 2 . Worker 2 | . 1 . 1 . . Tunneler 3 | 3 . . . . . Hauler 7 | . 2 . 4 . 1 Recycler 3 | 1 . . 1 . 1 Watcher 9 | . 3 . 5 . 1 Swarmer 26 | . 3 . 17 3 3 Grunt 23 | . 6 . 6 11 . Brawler 1 | . . . . 1 . Sentry 11 | . . . 10 . 1 Assembled 1 | . . . . 1 . Best Kill Streak 9 | 2 3 . 9 5 4 Combat Bots Only 9 | . 3 . 9 5 4 Max Kills in Single Turn 3 | 1 2 . 3 2 2 Gunslinging 1 | . 1 . 1 . 1 Exploded 3 | . . . 3 2 . Melee 1 | . . . . 1 . Uniques/NPCs Destroyed . | . . . . . . Combat | -11 -10 -10 -9 -9 -8 -------- Run | Scr Mat Min Mat Min Mat Damage Taken 1480 | . 479 . 639 259 103 Core 342 | . 114 . 62 126 40 Absorbed by Shields 282 | . . . 188 94 . Regen/Repaired (Parts) 301 | . 35 . 266 . . Core Remaining (%) 69 | 100 . 54 . 53 . Volleys Fired 154 | 6 52 . 70 13 13 Largest 3 | 2 2 . 3 3 3 Hottest 168 | 40 46 . 168 168 168 Shots Fired 398 | 12 104 . 205 38 39 Gun 396 | 12 104 . 204 37 39 Cannon . | . . . . . . Launcher 2 | . . . 1 1 . Special . | . . . . . . Kinetic 292 | 12 104 . 176 . . Thermal 104 | . . . 28 37 39 Explosive 2 | . . . 1 1 . Electromagnetic . | . . . . . . Robot Hit Streak 32 | 4 8 . 32 4 5 Robot Miss Streak 4 | 1 4 . 3 3 4 Penetration Max . | . . . . . . Secondary Targets 12 | . 1 . 8 2 1 Max Gunslinging Chain 1 | . 1 . 1 1 1 Shots Hit Robots 258 | 8 57 . 139 29 25 Core Hits 113 | 5 26 . 56 17 9 Critical Kills 2 | . . . 1 1 . Critical Parts Destroyed 5 | . . . 1 4 . Critical Strikes 16 | . . . 6 7 3 Burn 8 | . . . 3 2 3 Destroy 3 | . . . 3 . . Smash 5 | . . . . 5 . Melee Attacks 18 | . . . 2 16 . Impact 18 | . . . 2 16 . Slashing . | . . . . . . Piercing . | . . . . . . Sneak Attacks . | . . . . . . Combat Hostiles . | . . . . . . Follow-up Attacks . | . . . . . . Damage Inflicted 4705 | 111 797 . 2433 895 469 Guns 3973 | 111 797 . 2212 384 469 Cannons . | . . . . . . Explosions 425 | . . . 221 204 . Melee 307 | . . . . 307 . Ramming . | . . . . . . Kinetic 2857 | 111 797 . 1949 . . Thermal 1321 | . . . 358 494 469 Explosive 220 | . . . 126 94 . Electromagnetic . | . . . . . . Impact 307 | . . . . 307 . Slashing . | . . . . . . Piercing . | . . . . . . Highest Corruption 1 | . 1 1 . . . Average Corruption 1 | . 1 1 . . . Corruption Purged . | . . . . . . Corruption Blocked . | . . . . . . Effects 5 | . 5 . . . . Message Errors 2 | . 2 . . . . Matter Fused 2 | . 2 . . . . Heat Flow Errors 1 | . 1 . . . . Overload Shots . | . . . . . . Overflow Damage 227 | . . . 86 141 . Projectiles . | . . . . . . Explosions 86 | . . . 86 . . Melee 141 | . . . . 141 . Knockbacks . | . . . . . . Impact . | . . . . . . Kinetic . | . . . . . . Secondary . | . . . . . . Self-Inflicted Damage 177 | . . . 82 95 . Shots 3 | . . . 1 2 . Rammed . | . . . . . . Targets Rammed . | . . . . . . Kicked . | . . . . . . Crushed . | . . . . . . Highest Temperature 306 | . 199 . 306 296 260 Average Temperature 57 | . 70 . 25 109 107 Received Heat Transfer 439 | . 237 . 97 78 27 Siege Activations . | . . . . . . Robots Corrupted . | . . . . . . Combat Hostiles . | . . . . . . Parts Fried 5 | . . . . 5 . Impact Corruptions 4 | . . . . 4 . Robots Melted . | . . . . . . Combat Hostiles . | . . . . . . Parts Melted 6 | . . . 3 2 1 Heat Transferred 3123 | . . . 827 1075 1221 Parts Sabotaged . | . . . . . . Parts Stolen . | . . . . . . Parts Stripped . | . . . . . . Power Chain Reactions . | . . . . . . Missiles Intercepted . | . . . . . . Alert | -11 -10 -10 -9 -9 -8 ------- Run | Scr Mat Min Mat Min Mat Peak Influence 635 | 20 236 . 512 635 300 Initial 183 | . 13 . . 183 136 Average 281 | 8 98 . 374 411 234 Maximum Alert Level 2 | . 1 . 2 2 1 Low Security (%) 39 | 100 97 100 16 . 35 Level 1 20 | . 2 . 22 42 64 Level 2 39 | . . . 61 56 . Level 3 . | . . . . . . Level 4 . | . . . . . . Level 5 . | . . . . . . High Security . | . . . . . . Max Security . | . . . . . . Squads Dispatched 4 | . 1 . 2 . 1 Investigation 2 | . . . 2 . . Extermination . | . . . . . . Reinforcement 2 | . 1 . . . 1 Assault . | . . . . . . Garrison . | . . . . . . Intercept . | . . . . . . Searches Triggered . | . . . . . . Construction Impeded . | . . . . . . Haulers Reinforced . | . . . . . . Active Scanning Responses . | . . . . . . Cargo Convoy Interrupts . | . . . . . . Stealth | -11 -10 -10 -9 -9 -8 --------- Run | Scr Mat Min Mat Min Mat Distress Signals 6 | . 1 1 4 . . Communications Jammed . | . . . . . . Distress Signals . | . . . . . . Times Spotted 87 | . 21 . 44 16 6 Peak Tracking Total 7 | . 4 . 7 4 5 Tactical Retreats 4 | . . . 3 . 1 Traps | -11 -10 -10 -9 -9 -8 ------- Run | Scr Mat Min Mat Min Mat Traps Triggered 2 | . 1 . 1 . . Indirectly . | . . . . . . Trap Hack Attempts . | . . . . . . Triggered . | . . . . . . Disarmed . | . . . . . . Reprogrammed 4 | . 4 . . . . Reused 2 | . 2 . . . . Traps Extracted . | . . . . . . Installed . | . . . . . . Triggered 2 | . 2 . . . . Machines | -11 -10 -10 -9 -9 -8 ---------- Run | Scr Mat Min Mat Min Mat Machines Disabled 10 | . . . 3 7 . Max in Single Turn 7 | . . . 2 7 . Machines Sabotaged . | . . . . . . Garrisons Compromised . | . . . . . . Overloaded Fab Kills . | . . . . . . Hacking | -11 -10 -10 -9 -9 -8 --------- Run | Scr Mat Min Mat Min Mat Machines Accessed 20 | . 8 . 11 . 1 Terminals 13 | . 6 . 6 . 1 Fabricators . | . . . . . . Repair Stations 3 | . 1 . 2 . . Recycling Units 2 | . 1 . 1 . . Scanalyzers 2 | . . . 2 . . Garrison Access . | . . . . . . Total Hacks 87 | . 37 . 46 . 4 Successful 55 | . 24 . 30 . 1 Failed 32 | . 13 . 16 . 3 Catastrophic 2 | . . . 2 . . Database Lockouts . | . . . . . . Manual 50 | . 23 . 23 . 4 Terminals 65 | . 33 . 28 . 4 Fabricators . | . . . . . . Repair Stations 11 | . 2 . 9 . . Recycling Units 4 | . 2 . 2 . . Scanalyzers 7 | . . . 7 . . Garrison Access . | . . . . . . Terminal Hacks 21 | . 12 . 9 . . Part Schematic 1 | . 1 . . . . Robot Analysis 7 | . 3 . 4 . . Prototype ID Bank 3 | . 3 . . . . Terminal Index 2 | . 1 . 1 . . Unreport Threat 1 | . . . 1 . . Locate Traps 4 | . 3 . 1 . . Reprogram Traps 1 | . 1 . . . . Hauler Manifests 2 | . . . 2 . . Fabricator Hacks . | . . . . . . Repair Station Hacks 10 | . 2 . 8 . . Scan Component 5 | . 1 . 4 . . Repair 5 | . 1 . 4 . . Recycling Unit Hacks 2 | . 1 . 1 . . Retrieve Components 2 | . 1 . 1 . . Scanalyzer 6 | . . . 6 . . Insert Component 2 | . . . 2 . . Analyze 4 | . . . 4 . . Garrison Access Hacks . | . . . . . . Unauthorized Hacks 16 | . 9 . 6 . 1 Terminals 14 | . 8 . 5 . 1 Track 4 | . 3 . 1 . . Assimilate 3 | . 2 . 1 . . Botnet 4 | . 2 . 2 . . Operators 3 | . 1 . 1 . 1 Fabricators . | . . . . . . Repair Stations . | . . . . . . Recycling Units 2 | . 1 . 1 . . Reject 2 | . 1 . 1 . . Scanalyzers . | . . . . . . Garrison Access . | . . . . . . Data Cores Recovered . | . . . . . . Used . | . . . . . . Hacking Detections 19 | . 8 . 10 . 1 Full Trace Events 2 | . . . 2 . . Feedback Events . | . . . . . . Feedback Blocked . | . . . . . . Robot Schematics Acquired . | . . . . . . Robots Built . | . . . . . . Authchips . | . . . . . . Time . | . . . . . . Total Robot Build Rating . | . . . . . . Part Schematics Acquired 3 | . 1 . 2 . . Parts Built . | . . . . . . Authchips . | . . . . . . Time . | . . . . . . Total Part Build Rating . | . . . . . . Parts Repaired 5 | . 1 . 4 . . Time 211 | . 26 . 185 . . Parts Recycled . | . . . . . . Recycled Matter . | . . . . . . Retrieved Matter . | . . . . . . Retrieved Components 19 | . 10 . 9 . . Parts Scanalyzed 2 | . . . 2 . . Part Schematics Acquired 2 | . . . 2 . . Parts Damaged . | . . . . . . Bothacking | -11 -10 -10 -9 -9 -8 ------------ Run | Scr Mat Min Mat Min Mat Used RIF Installer . | . . . . . . Robots Hacked . | . . . . . . Non-combat . | . . . . . . Combat . | . . . . . . Robot Hacks Applied . | . . . . . . Relay Couplers Released . | . . . . . . Fabnet Peak Effective % . | . . . . . . Robots Rewired . | . . . . . . Allies Hacked . | . . . . . . Hacks Repelled . | . . . . . . Allies | -11 -10 -10 -9 -9 -8 -------- Run | Scr Mat Min Mat Min Mat Total Allies 5 | . 1 3 1 . . Largest Group 4 | . 1 4 4 1 . Highest-Rated Group 93 | . 10 93 93 10 . Highest-Rated Ally 31 | . 10 31 31 10 . Total Orders . | . . . . . . Ally Attacks 3 | . . . 3 . . Total Damage 63 | . . . 63 . . Kills . | . . . . . . Allies Corrupted . | . . . . . . Allies Melted . | . . . . . . Intel | -11 -10 -10 -9 -9 -8 ------- Run | Scr Mat Min Mat Min Mat Robot Analysis Total 7 | . 3 . 4 . . Derelict Logs Recovered 2 | . . . . 2 . Drone Launches . | . . . . . . Drone Recoveries . | . . . . . . Exploration | -11 -10 -10 -9 -9 -8 ------------- Run | Scr Mat Min Mat Min Mat Turns Passed 5420 | 148 1239 304 2611 927 191 Spaces Moved 3167 | 95 830 239 1374 535 94 Core 3 | 3 . . . . . Treads 11 | . . . 11 . . Legs 222 | 92 130 . . . . Wheels 2931 | . 700 239 1363 535 94 Hover . | . . . . . . Flight . | . . . . . . Fastest Speed 50 | 50 80 125 125 145 145 Average Speed 134 | 117 108 125 147 145 145 Slowest Speed 240 | 120 125 125 240 190 145 Overloaded Moves . | . . . . . . Propulsion Burnouts . | . . . . . . Robots Hopped . | . . . . . . Cave-ins Triggered . | . . . . . . Exploration Rate (%) 58 | 6 97 53 95 89 10 Regions Visited 5 Branch Regions 2 Pre-discovered Areas 1 | . . . . 1 . Known Exits Taken . | . . . . . . Unknown Exits Taken 5 | 1 1 1 1 1 . Scrap Searched 2 | . . . . 2 . Spaces Dug 4 | . . . 2 2 . Terrain Destroyed 93 | . . . 59 34 . Melee 4 | . . . 2 2 . Projectile . | . . . . . . AOE 89 | . . . 57 32 . Terrain Rammed . | . . . . . . Walls Destroyed . | . . . . . . Machines Disabled . | . . . . . . Actions | -11 -10 -10 -9 -9 -8 --------- Run | Scr Mat Min Mat Min Mat Total 3968 | 115 1068 244 1800 622 119 Wait 498 | . 148 6 296 45 3 Move 3162 | 94 829 238 1373 534 94 Hop . | . . . . . . Pick Up 52 | 8 16 . 22 2 4 Fast Attach 15 | 7 3 . 5 . . Attach 16 | . 5 . 8 1 2 Detach 1 | . . . 1 . . Swap 25 | . 3 . 13 8 1 Drop 27 | . 12 . 10 3 2 Fire 154 | 6 52 . 70 13 13 Melee 18 | . . . 2 16 . Ram . | . . . . . . Kick . | . . . . . . Crush . | . . . . . . Escape Stasis . | . . . . . . Rewire . | . . . . . . Trap . | . . . . . . Miscellaneous . | . . . . . . Route ------- -11/Scrapyard -10/Materials (discovered 4 exits: *Mat x3 / [*Min]) -10/Mines -9/Materials (discovered 4 exits: *Mat x3 / [*Min]) -9/Mines (discovered 2 exits: *Mat x2) -8/Materials (discovered 1 exit: [*Sto]) History --------- Turn | Location | Event 12 | -11/Scrapyard | Discovered new exit (range 15) 149 | -11/Scrapyard | Entered Materials 305 | -10/Materials | Build established: Mutant 363 | -10/Materials | Discovered new exit (range 16) 714 | -10/Materials | Discovered new exit (range 14) 997 | -10/Materials | Discovered new exit (range 14) 1170 | -10/Materials | Discovered new exit (range 5) 1329 | -10/Materials | Repaired Wheel 1388 | -10/Materials | Entered Mines 1388 | -10/Mines | Accompanied by 1 ally 1416 | -10/Mines | Discovered new exit (range 6) 1485 | -10/Mines | Received a Mining Laser from a helpful Derelict 1622 | -10/Mines | Assembled infested the area 1692 | -10/Mines | Entered Materials 1692 | -9/Materials | Accompanied by 4 allies 1692 | -9/Materials | Evolved 2 slots: Utility x1, Weapon x1 1697 | -9/Materials | Led the pair of lost Derelicts to an unsafe place 1993 | -9/Materials | Build established: Gunner 2203 | -9/Materials | Discovered new exit (range 10) 2243 | -9/Materials | Destroyed 9 combat bots 3053 | -9/Materials | Discovered new exit (range 3) 3120 | -9/Materials | Repaired Imp. Assault Rifle 3172 | -9/Materials | Repaired Imp. Assault Rifle 3254 | -9/Materials | Repaired Imp. Assault Rifle 3986 | -9/Materials | Discovered new exit (range 15) 4081 | -9/Materials | Discovered new exit (range 16) 4171 | -9/Materials | Repaired Shield Generator 4303 | -9/Materials | Entered Mines 4303 | -9/Mines | Accompanied by 1 ally 4472 | -9/Mines | Build established: Tank 4497 | -9/Mines | Excavation squad dispatched 4497 | -9/Mines | A large section of the Mines collapsed 4604 | -9/Mines | Discovered new exit (range 12) 4775 | -9/Mines | Learned Materials interactive machine intel 4814 | -9/Mines | Discovered new exit (range 14) 5047 | -9/Mines | Learned location of Zion (-6) 5230 | -9/Mines | Entered Materials 5230 | -8/Materials | Evolved 2 slots: Utility x2 5231 | -8/Materials | Loaded intel: 19 interactive machine locations 5281 | -8/Materials | Discovered new exit (range 16) 5421 | -8/Materials | Self-destructed Last Messages --------------- 05374_ K-01 Serf collects debris. 05377_ Acquired Minigun. 05378_ K-01 Serf collects debris. 05380_ O-16 Technician: "IFF HANDSHAKE FAILED. SECURING TERMINAL." 05381_ Acquired Minigun. 05383_ R-06 Scavenger collects Huge Storage Unit. 05385_ Acquired Huge Storage Unit. 05385_ R-06 Scavenger collects Huge Storage Unit. 05385_ K-01 Serf collects debris. 05386_ Dropped Lrg. Storage Unit. 05386_ K-01 Serf collects debris. 05389_ R-06 Scavenger collects Lrg. Storage Unit. 05389_ ALERT: Hostiles spotted, dispatching reinforcements to Terminal M009. 05391_ W-25 Informer suffers critical hit (Burn). 05391_ W-25 Informer destroyed. 05391_ R-06 Scavenger destroyed. 05393_ R-06 Scavenger collects Huge Storage Unit. 05398_ R-06 Scavenger collects Com. Wheel. 05403_ R-06 Scavenger suffers critical hit (Burn). Map ----- +----------------------------------------------------+ | ????????????? +??????????????????????????????????? | | ????????????? #??????????????????????????????????? | | ????????##### #??????????????????????????????????? | | ????????? ???????????????????????????????????? | | ?????????# #???????????????????????????????????? | | ??##+##### #???????????????????????????????????? | | ??# "T" # ! #???????????????????????????????????? | | ??# # ##########??????????????????????????? | | ??# """ + # #??????????????????????????? | | ??# """ # # #??????????????????????????? | | ??# """ # + #??????????????????????????? | | ??# # # #??????T???????????????????? | | ??######## # #????????????????????????""? | | [########! # #????????????????????????"Y? | | =*%=[=%==[%= # =#????????????????????????""? | | ##########! + #??????????????????????????? | | ?????????# # #??????????????????????????? | | ?????????# ##########??????????????????????????? | | ?????????# #????? ????????????????????????????? | | ?????????# #????? ????????????????????????????? | | ?????????# #????# ????????????????????????????? | | ?????????# #????# ????????????????????????????? | | ?????????# #????# ????????????????????????????? | | ?????????# #????# ????????????????????????????? | | ?????????# #????#+###########??????????????????? | | ????????## ##???# ## @ + ???????????????????? | | ????????# ##### ## #?????????????????????? | | ????????# # #?????????????????????? | | ????????# < + #?????????????????????? | | ????????# %# #?????????????????????? | | ????????# ##### # #?????????????????????? | | ????????###+####### %# """ #?????????????????????? | | ????????# + =# """ #?????????"?"?????????? | | o????"""# ##%# """ #?????????"R"?????????? | | ??????R"# ##!# """ #?????????"""?????????? | | ?????"""# ## # ""? #?????????????????????? | | ????????# ## # ?? #?????????????????????? | | ????????# ## ###??##?????????????????????? | | ????????# ## #???????????????????????????? | | ????????# ## #???????????????????????????? | | ????????############ #???????????????????????????? | | ??????????????????? +???????????????????????????? | | ??????????????????? ????????????????????????????? | | ??????????????????? ????????????????o???????????? | | ??????????????????? ????????????????????????????? | | ??????????????????? ????????????????????????????" | | ??????????????????? ????????????????????????????T | | ???????""?????????? ????????????????????????????" | | ???????""?????????? ????????????????????????????? | | ???????"T????????????????????????????????????????? | +----------------------------------------------------+ Best States ------------- Heat Dissipation 45 Energy Generation 14 Energy Capacity 280 Matter Stores 300 Matter Capacity 300 Sight Range 16 Terrain Scan Range 16 Terrain Scan Density 10 Armor Coverage 150 Evasion (%) 55 Targeting Accuracy 6 Recoil Reduction 1 Defensive Hacking 10 Item Schematics ----------------- Hcp. Storage Unit | -10/Materials | Hacked Beamcaster | -9/Materials | Scanalyzed Cld. Ion Engine | -9/Materials | Scanalyzed Robot Schematics ------------------ None Fabricated ------------ Nothing Alien Tech Used ----------------- None Achievements -------------- None Challenges ------------ None Game ------ Seed ControlWeaponBeamcaster Manual? 0 Play Time 00:45:04 Cumulative 280.8 hours Start 2022.04.12 @ 20:02:17 End 2022.04.12 @ 21:38:16 Sessions 1 Manual Loads 0 Difficulty Rogue Special Mode None Game No. 239 Rogue 239 Adventurer 0 Explorer 0 Win Type - Total 0 Types 0/0/0/0/0/0/0/0/0 Lore% 52 Gallery% 58 Achievement% 42 Wizard Run 0 Options --------- ASCII 0 Keyboard 0 Movement Mouse Keybinds 0 Fullscreen 1 Font 16/SmallcapsGlow Map View 75x55 Tactical HUD 1 Map Filters NONE Filters NONE Steam 1 RUN: d5df0634-b646-4120-b98a-4cbbc4072ced